 Dungeon Crawl Stone Soup version 0.25-a0-705-ge9988fc0fb (webtiles) character file.

Game seed: 9444397402471897550, levelgen mode: deterministic

26789 Napalmbreeze the Cleaver (level 13, -7/166 HPs)
             Began as a Demonspawn Berserker on Apr 4, 2020.
             Was an Elder of Trog.
             Mangled by a death yak (12 damage)
             ... on level 4 of the Lair of Beasts.
             The game lasted 00:52:28 (17454 turns).

Napalmbreeze the Cleaver (Demonspawn Berserker)    Turns: 17454, Time: 00:52:31

Health: -7/166     AC: 13    Str: 22    XL:     13   Next: 0%
Magic:  13/13      EV: 12    Int: 10    God:    Trog [****..]
Gold:   1011       SH:  0    Dex: 12    Spells: 12/12 levels left

rFire    + . .     SeeInvis .   L - +6 war axe
rCold    . . .     Gourm    .   (no shield)
rNeg     . . .     Faith    .   J - +3 chain mail "Dufeghir" {Slay+2}
rPois    .         Spirit   .   (no helmet)
rElec    .         Reflect  .   u - scarf {cloud immunity}
rCorr    .         Harm     +   (no gloves)
MR       +....                  (no boots)
Stlth    ..........             k - amulet of harm
HPRegen  0.37/turn              q - ring of protection from magic
MPRegen  0.13/turn              v - ring of protection from fire

@: berserking, very quick
A: claws 2, repulsion field 2, demonic guardian 2, spiny 1
a: Berserk, Trog's Hand, Brothers in Arms, Renounce Religion


You were on level 4 of the Lair of Beasts.
You worshipped Trog.
Trog was greatly pleased with you.
You were very hungry.

You visited 2 branches of the dungeon, and saw 17 of its levels.

You collected 1104 gold pieces.
You spent 93 gold pieces at shops.

Inventory:

Hand Weapons
 C - a +1 dire flail
 I - a +2 antimagic broad axe
 L - a +6 war axe (weapon)
Missiles
 t - 3 curare-tipped darts
 y - 3 throwing nets (quivered)
Armour
 u - a scarf of cloud immunity (worn)
 H - +0 swamp dragon scales
 J - the +3 chain mail "Dufeghir" (worn) {Slay+2}
   (You found it on level 4 of the Lair of Beasts)

   It affects your accuracy and damage with ranged weapons and melee attacks
   (+2).
Jewellery
 k - an amulet of harm (around neck)
 m - an uncursed ring of fire
 q - a ring of protection from magic (left claw)
 r - an uncursed ring of see invisible
 v - a ring of protection from fire (right claw)
 B - an uncursed ring of ice
Wands
 h - a wand of flame (20)
 w - a wand of enslavement (5)
 A - a wand of iceblast (9)
Scrolls
 a - 2 scrolls of blinking {unknown}
 d - 11 scrolls of remove curse
 g - 3 scrolls of holy word {unknown}
 j - a scroll of noise {unknown}
 l - 10 scrolls of teleportation
 o - 3 scrolls of fog {unknown}
 s - a scroll of identify
 z - 2 scrolls of immolation {unknown}
 E - 2 scrolls of magic mapping
 F - a scroll of fear {unknown}
Potions
 e - 2 potions of heal wounds
 f - 3 potions of might
 i - 3 potions of curing
 n - a potion of flight {unknown}
 p - a potion of ambrosia {unknown}
 x - 4 potions of haste {unknown}
 D - a potion of lignification {unknown}
 G - a potion of berserk rage
 K - a potion of mutation {unknown}
 M - 3 potions of magic {unknown}
Comestibles
 c - 32 rations


   Skills:
 + Level 13.0 Fighting
 + Level 14.0 Axes
 - Level 8.2 Armour
 - Level 3.2 Dodging


You had 12 spell levels left.
You didn't know any spells.
Your spell library was empty.

Dungeon Overview and Level Annotations

Branches:
Dungeon (11/15)            Temple (0/1) D:4            Lair (6/6) D:8
 Shoals (0/4) Lair:3        Snake (0/4) Lair:4          Orc (0/2) D:11
  Slime: Lair:5-6

Altars:
Cheibriados
Fedhas
Makhleb
Qazlal
Ru
Sif Muna
Trog
Yredelemnul
Beogh

Shops:
D:10 *

Annotations:
D:6 Scary Vault, Hat in there, triki's ghost, novice KoAr


Innate Abilities, Weirdness & Mutations

You have very sharp fingernails.
You are surrounded by a moderate repulsion field. (EV +3)
A demonic guardian rushes to your aid.
You are partially covered in sharp spines.


Message History

You slash the death yak! You hit the plant but do no damage.
Your ice devil hits the death yak.
Your ice devil freezes the death yak!!
The death yak gores you! The death yak is struck by your spines.
The death yak gores you.
Unknown command.
You hit the death yak.
The death yak is heavily wounded.
You slash the plant! You slash the death yak!
Your ice devil hits the death yak.
Your ice devil freezes the death yak!!
The death yak gores you. The death yak is struck by your spines.
The death yak gores you!!
* * * LOW HITPOINT WARNING * * *
A red film seems to cover your vision as you go berserk!
You feel yourself moving faster!
You feel mighty!
You are feeling very hungry.
The death yak gores you!
* * * LOW HITPOINT WARNING * * *
Your ice devil hits the death yak but does no damage.
The death yak gores you!
You die...

.##....(.#..#
..P......#.##
≈≈≈.....##.#
≈≈≈≈....)#.#
..≈≈≈...#..###
...≈≈≈.###.#.#
N...≈≈#..#..#
>.≈.≈≈.....P#
....≈≈...4Y@#
..≈≈≈≈....†Y#
P≈≈≈......##
≈≈.###... .P.
#..# .# ...#
##..# +..


You could see 2 death yaks and a friendly ice devil.

Vanquished Creatures
  A death yak (Lair:2)
  A wolf spider (Lair:4)
  7 elephants
  4 black mambas
  4 spiny frogs
  A gargoyle (D:10)
  A torpor snail (Lair:2)
  Maggie (D:10)
  3 komodo dragons
  A rime drake (Lair:5)
  A kobold demonologist (D:10)
  A polar bear (Lair:6)
  3 blink frogs (Lair:6)
  A dream sheep (Lair:2)
  4 hippogriffs
  14 yaks
  A wyvern (Lair:3)
  A hungry ghost (D:8)
  A naga (Lair:4)
  9 water moccasins
  3 orc warriors
  3 porcupines
  A black bear (D:11)
  2 sky beasts
  2 phantoms
  3 ice beasts
  A necrophage (D:9)
  3 slaves (D:7)
  4 ogres
  7 wolves
  A boggart (Lair:6)
  4 centaurs (Lair:3)
  10 crocodiles
  5 big kobolds
  10 bullfrogs
  A scorpion (D:4)
  4 killer bees (D:11)
  11 wights
  6 electric eels (D:9)
  6 crimson imps
  A quasit (D:10)
  2 jellies
  2 hounds
  A bullfrog skeleton (D:5)
  7 orc priests
  A centaur skeleton (D:10)
  11 orc wizards
  7 iguanas
  7 worker ants
  2 hound zombies
  A hound skeleton (D:8)
  4 worker ant zombies
  2 howler monkey skeletons
  6 gnolls
  20 adders
  A shadow imp (D:6)
  2 oozes
  An adder zombie (D:7)
  2 adder skeletons
  A worm (D:2)
  3 dart slugs
  5 leopard geckos
  49 orcs
  2 ball pythons
  8 bats
  10 giant cockroaches
  16 goblins
  14 hobgoblins
  10 jackals
  2 quokkas
  6 frilled lizards
  21 kobolds
  3 rats
  A fungus (Lair:1)
  5 plants (Lair:3)
383 creatures vanquished.

Vanquished Creatures (collateral kills)
  Harold (D:7)
  5 hydras
  5 death yaks
  Pikel (D:7)
  A wolf spider (Lair:4)
  2 elephants
  A black mamba (Lair:4)
  4 spiny frogs
  2 komodo dragons (Lair:4)
  A polar bear (Lair:6)
  2 blink frogs (Lair:6)
  A hippogriff (D:7)
  2 basilisks
  5 yaks
  A hungry ghost (D:10)
  A slave (D:7)
  2 ogres
  A centaur (D:6)
  2 crocodiles
  A big kobold (D:10)
  A wight (D:10)
  A crimson imp (D:5)
  A hound (D:7)
  A gnoll shaman (D:7)
  A jelly (D:8)
  An orc priest (D:11)
  2 orc wizards
  2 gnolls (D:7)
  4 adders (Lair:4)
  6 orcs
  A jackal skeleton (D:7)
62 creatures vanquished.

Vanquished Creatures (others)
  A fungus (Lair:4)
  8 plants
9 creatures vanquished.

Grand Total: 454 creatures vanquished

Notes
Turn   | Place    | Note
-------+----------+-------------------------------------------
     0 | D:1      | Napalmbreeze the Demonspawn Berserker began the quest for
                  | the Orb.
     0 | D:1      | Reached XP level 1. HP: 18/18 MP: 1/1
   306 | D:1      | Gained mutation: A weak demonic guardian rushes to your
                  | aid. [demonic ancestry]
   306 | D:1      | Reached XP level 2. HP: 22/24 MP: 2/2
   359 | D:1      | Reached skill level 3 in Axes
  1150 | D:2      | Gained mutation: You have sharp fingernails. [demonic
                  | ancestry]
  1150 | D:2      | Reached XP level 3. HP: 23/29 MP: 3/3
  1164 | D:2      | Reached ** piety under Trog
  1811 | D:2      | Gained mutation: You are partially covered in sharp spines.
                  | [demonic ancestry]
  1811 | D:2      | Reached XP level 4. HP: 35/35 MP: 4/4
  2386 | D:3      | Gained mutation: A demonic guardian rushes to your aid.
                  | [demonic ancestry]
  2386 | D:3      | Reached XP level 5. HP: 37/41 MP: 5/5
  2560 | D:3      | Reached skill level 4 in Axes
  2888 | D:3      | Found a blossoming altar of Fedhas.
  2889 | D:3      | Found a bloodstained altar of Trog.
  2903 | D:3      | Found a sacrificial altar of Ru.
  2903 | D:3      | Found a burning altar of Makhleb.
  2910 | D:3      | Found a snail-covered altar of Cheibriados.
  2912 | D:3      | Found a shimmering blue altar of Sif Muna.
  2921 | D:3      | Found a stormy altar of Qazlal.
  3144 | D:4      | Found a staircase to the Ecumenical Temple.
  3342 | D:3      | Reached XP level 6. HP: 46/48 MP: 6/6
  3503 | D:4      | Identified the +1 chain mail of Efias {Str+3}
  3820 | D:4      | Paralysed by fainting for 5 turns
  4276 | D:4      | Reached *** piety under Trog
  4363 | D:4      | Reached skill level 5 in Axes
  4588 | D:4      | Reached XP level 7. HP: 55/55 MP: 7/7
  4841 | D:5      | Entered Level 5 of the Dungeon
  5055 | D:5      | Reached skill level 5 in Fighting
  5169 | D:5      | Reached **** piety under Trog
  5427 | D:5      | Got a twisted hand axe
  5428 | D:5      | Identified the cursed +1 hand axe of Yzupsu {vorpal, rC-
                  | Str+3 SInv} (You found it on level 5 of the Dungeon)
  5546 | D:6      | Reached XP level 8. HP: 64/64 MP: 8/8
  5623 | D:6      | Reached skill level 6 in Axes
  5779 | D:6      | Found a sacrificial altar of Ru.
  6047 | D:6      | Reached skill level 7 in Axes
  6554 | D:6      | Found a runed translucent gate.
  6555 | D:6      | Found a runed translucent gate.
  6555 | D:6      | Noticed triki's ghost (novice KoAr)
  6556 | D:6      | Found a runed translucent gate.
  6557 | D:6      | Found a roughly hewn altar of Beogh.
  6559 | D:6      | Identified the +8 dire flail of Famine {venom, *Slow rN++
                  | Int+10 Dex-3}
  6626 | D:7      | Reached skill level 8 in Axes
  6626 | D:7      | Reached ***** piety under Trog
  6626 | D:7      | Received a gift from Trog
  7029 | D:7      | Noticed Harold
  7035 | D:7      | Killed Harold
  7035 | D:7      | Gained mutation: You are surrounded by a mild repulsion
                  | field. (EV +2) [demonic ancestry]
  7035 | D:7      | Reached XP level 9. HP: 29/72 MP: 9/9
  7264 | D:7      | Noticed Pikel
  7277 | D:7      | Killed Pikel
  7570 | D:7      | Reached skill level 9 in Axes
  7832 | D:8      | Found a basalt altar of Yredelemnul.
  7847 | D:8      | Noticed an elephant
  7855 | D:8      | Killed an elephant
  7976 | D:8      | Found a staircase to the Lair.
  7980 | D:8      | Got a slimy trident
  7981 | D:8      | Identified the cursed +3 trident "Toiloll" {venom, Str+2}
                  | (You found it on level 8 of the Dungeon)
  8869 | D:9      | Gained mutation: You have very sharp fingernails. [demonic
                  | ancestry]
  8869 | D:9      | Reached XP level 10. HP: 83/83 MP: 10/10
  9166 | D:9      | Reached skill level 10 in Axes
  9693 | D:10     | Entered Level 10 of the Dungeon
  9711 | D:10     | Noticed Maggie
  9719 | D:10     | Killed Maggie
 10137 | D:10     | Received a gift from Trog
 10266 | D:10     | Noticed a gargoyle
 10275 | D:10     | Killed a gargoyle
 10275 | D:10     | Reached skill level 10 in Fighting
 10342 | D:10     | Reached skill level 11 in Axes
 10658 | D:10     | Found Tobb's General Store.
 10665 | D:10     | Bought a potion of berserk rage for 55 gold pieces
 10665 | D:10     | Bought a scroll of magic mapping for 38 gold pieces
 11338 | D:11     | Reached skill level 12 in Axes
 11372 | D:11     | Got a smoking trident
 11373 | D:11     | Identified the +6 trident "Haothryps" {vorpal, Dex+7} (You
                  | found it on level 11 of the Dungeon)
 11414 | D:11     | Found a staircase to the Orcish Mines.
 11753 | D:11     | Noticed a lindwurm
 11753 | D:11     | Noticed a lindwurm
 12010 | Lair:1   | Entered Level 1 of the Lair of Beasts
 12046 | Lair:1   | Gained mutation: You are surrounded by a moderate repulsion
                  | field. (EV +3) [demonic ancestry]
 12046 | Lair:1   | Reached XP level 11. HP: 81/90 MP: 3/11
 12082 | Lair:1   | Received a gift from Trog
 12560 | Lair:1   | Noticed a seven-headed hydra
 12566 | Lair:1   | Killed a seven-headed hydra
 12566 | Lair:1   | Reached skill level 5 in Armour
 13385 | Lair:2   | Noticed a seven-headed hydra
 13390 | Lair:2   | Killed a seven-headed hydra
 13570 | Lair:2   | Noticed a death yak
 13571 | Lair:2   | Noticed a death yak
 13586 | Lair:2   | Noticed a death yak
 13587 | Lair:2   | Noticed a death yak
 13595 | Lair:2   | Killed a death yak
 13597 | Lair:2   | Killed a death yak
 13597 | Lair:2   | Killed a death yak
 13600 | Lair:2   | Killed a death yak
 14955 | Lair:3   | Reached XP level 12. HP: 77/100 MP: 12/12
 15285 | Lair:3   | Received a gift from Trog
 15285 | Lair:3   | Reached skill level 13 in Axes
 15496 | Lair:3   | Found a staircase to the Shoals.
 15705 | Lair:3   | Noticed a four-headed hydra
 15710 | Lair:3   | Killed a five-headed hydra
 16197 | Lair:4   | You fall into a shaft and drop 2 floors!
 16197 | Lair:6   | Entered Level 6 of the Lair of Beasts
 16221 | Lair:5   | Noticed a six-headed hydra
 16238 | Lair:5   | Killed a six-headed hydra
 16625 | Lair:4   | You fall into a shaft and drop 2 floors!
 16946 | Lair:4   | Noticed a six-headed hydra
 16953 | Lair:4   | Killed an eight-headed hydra
 17041 | Lair:4   | HP: 2/103 [komodo dragon (13)]
 17077 | Lair:4   | Reached skill level 14 in Axes
 17346 | Lair:4   | Got a smelly chain mail
 17359 | Lair:4   | Identified the +3 chain mail "Dufeghir" {Slay+2} (You found
                  | it on level 4 of the Lair of Beasts)
 17427 | Lair:4   | Found a staircase to the Snake Pit.
 17435 | Lair:4   | Noticed a death yak
 17442 | Lair:4   | Noticed a death yak
 17443 | Lair:4   | Noticed a death yak
 17444 | Lair:4   | Noticed a death yak
 17445 | Lair:4   | Killed a death yak
 17449 | Lair:4   | Killed a death yak
 17449 | Lair:4   | Reached XP level 13. HP: 85/111 MP: 13/13
 17454 | Lair:4   | HP: 5/166 [death yak (15)]
 17454 | Lair:4   | Mangled by a death yak

Levels and vault maps discovered:
D:1:      minmay_arrival_five_plusses, layout_loops_cross
D:2:      layout_basic, first_ration, dk_noncrumbling_3, minmay_pentomino_s2
D:3:      layout_loops_ring, chequers_temple_overflow_minitemple,
          nicolae_overflow_hidden_temple
D:4:      corexii_shantytown, layout_basic, minmay_temple_entry_glassed_door
D:5:      layout_rooms
D:6:      layout_rooms, biasface_ghost_orc_armoury,
          nicolae_ru_great_annihilating_truth
D:7:      layout_basic, uniq_harold, uniq_pikel
D:8:      layout_gridville, kennysheep_mini_moat, david_lair_generic
D:9:      layout_basic
D:10:     layout_long_grid, serial_shops, kennysheep_little_box, uniq_maggie
D:11:     layout_loops_ring, grunt_ogre_cave, minmay_lindwurm_lava
Lair:1:   layout_regular_city, infiniplex_staircase_pool
Lair:2:   layout_chaotic_city, nzn_random_ring
Lair:3:   layout_long_grid, minmay_shoals_entry_centaurs, st_stairs_7,
          wad_woods_road_05
Lair:4:   minmay_lair_venomous_thicket, layout_regular_city,
          guppyfry_snake_entry_island, grunt_megastairs_5
Lair:5:   layout_loops_ring, dpeg_slime_entry_enclosed_altar,
          serial_bayou_shore_b
Lair:6:   minmay_lair_end_enchanted_forest, layout_loops_ring,
          gauntlet_entry_generic

Skill      XL: |  1  2  3  4  5  6  7  8  9 10 11 12 |
---------------+-------------------------------------+-----
Axes           | 3 4 5 8 9 12 14 | 14.0
Armour         | 2 3 4 8 |  8.2
Dodging        | 2 3 |  3.2
Fighting       | 4 6 7 9 10 11 13 | 13.0

Action                   |  1- 3 |  4- 6 |  7- 9 | 10-12 | 13-15 || total
-------------------------+-------+-------+-------+-------+-------++-------
Melee: Hand axe          |   130 |   190 |    18 |       |       ||   338
       War axe           |       |       |   140 |   248 |     4 ||   392
       Battleaxe         |       |       |    52 |    57 |       ||   109
       Broad axe         |       |       |       |   122 |       ||   122
Invok: Berserk           |     2 |     4 |     6 |     6 |     1 ||    19
       Brothers in Arms  |       |       |       |     3 |       ||     3
Evoke: Wand              |       |       |       |     3 |       ||     3
  Use: Scroll            |     1 |       |     8 |     5 |       ||    14
       Potion            |       |       |       |     4 |       ||     4
 Stab: Distracted        |       |       |       |     4 |       ||     4
  Eat: Chunk             |     5 |     9 |    15 |    22 |       ||    51
       Ration            |       |     1 |     2 |     4 |       ||     7
Armor: Animal skin       |    27 |       |       |       |       ||    27
       Chain mail        |    13 |    83 |    88 |    61 |       ||   245
       Scale mail        |       |     5 |       |       |       ||     5
       Swamp dragon scal |       |       |       |    73 |       ||    73
Dodge: Dodged            |   106 |    76 |    82 |   272 |       ||   536

Table legend:
 A = Non-vault XP
 B = Vault XP
 C = Vault XP percentage of total XP
 D = Non-vault monster count
 E = Vault monster count
 F = Vault count percentage of total count
                 A         B        C        D         E       F
            +---------+---------+-------+---------+---------+-------
      Total |   29417 |    8854 |  23.1 |     349 |      86 |  19.8
            +---------+---------+-------+---------+---------+-------
        D:1 |      25 |       0 |   0.0 |      11 |       0 |   0.0
        D:2 |     118 |       3 |   2.5 |      25 |       2 |   7.4
        D:3 |     201 |       0 |   0.0 |      26 |       0 |   0.0
        D:4 |     402 |      77 |  16.1 |      24 |      33 |  57.9
        D:5 |     453 |       0 |   0.0 |      13 |       0 |   0.0
        D:6 |     992 |      57 |   5.4 |      36 |       4 |  10.0
        D:7 |     877 |     809 |  48.0 |      21 |       2 |   8.7
        D:8 |     619 |     665 |  51.8 |      21 |       4 |  16.0
        D:9 |     493 |       0 |   0.0 |       8 |       0 |   0.0
       D:10 |    2987 |     362 |  10.8 |      45 |       1 |   2.2
       D:11 |    1700 |     127 |   7.0 |      40 |       1 |   2.4
     Lair:1 |    2691 |       0 |   0.0 |      16 |       0 |   0.0
     Lair:2 |    4377 |    2353 |  35.0 |      15 |       9 |  37.5
     Lair:3 |    6147 |     918 |  13.0 |      20 |       6 |  23.1
     Lair:4 |    2483 |    2593 |  51.1 |       8 |      19 |  70.4
     Lair:5 |    1894 |       0 |   0.0 |       7 |       0 |   0.0
     Lair:6 |    2958 |     890 |  23.1 |      13 |       5 |  27.8
            +---------+---------+-------+---------+---------+-------
